 Dungeon Crawl Stone Soup version 0.31-a0-672-g7da72447bb (webtiles) character file.

Game seed: 4998115362937327386

5810 LustLizard the Arsonist (level 10, -22/59 HPs)
             Began as a Deep Elf Fire Elementalist on Sept 4, 2023.
             Was a Priest of Vehumet.
             Annihilated by an orc warlord
             ... wielding a +7 battleaxe
              (31 damage)
             ... in a bailey.
             The game lasted 00:21:50 (12274 turns).

LustLizard the Arsonist (DEFE)                     Turns: 12274, Time: 00:21:50

Health: -22/59     AC:  6    Str:  9    XL:     10   Next: 50%
Magic:  0/24       EV: 14    Int: 31    God:    Vehumet [***...]
Gold:   571        SH:  0    Dex: 15    Spells: 13/25 levels left

rFire   . . .        h - +0 short sword
rCold   . . .        (no shield)
rNeg    . . .        a - +0 robe
rPois   +            (no helmet)
rElec   .            c - +1 cloak
rCorr   .            i - +0 pair of gloves
SInv    +            D - +0 pair of boots
Will    +....        (no amulet)
Stlth   +++          e - +6 ring of intelligence
HPRegen 0.29/turn    I - ring of Descent {rPois Int+4 SInv}
MPRegen 0.19/turn

%: no passive effects
@: swift, studying Maces & Flails, quick
A: no striking features
a: Renounce Religion


You were in a bailey.
You worshipped Vehumet.
Vehumet was most pleased with you.
You visited 2 branches of the dungeon, and saw 9 of its levels.
You also visited: Ossuary and Bailey.

You collected 571 gold pieces.

Inventory:

Hand Weapons
 h - a +0 short sword (weapon)
Armour
 a - a +0 robe (worn)
 c - a +1 cloak (worn)
 i - a +0 pair of gloves (worn)
 D - a +0 pair of boots (worn)
Jewellery
 d - an amulet of faith
 e - a +6 ring of intelligence (left hand)
 I - the ring of Descent (right hand) {rPois Int+4 SInv}
   (You acquired it in a bailey)

   [ring of see invisible]

   Int+4:     It affects your intelligence (+4).
   rPois:     It protects you from poison SInv: It lets you see invisible.
Wands
 y - a wand of quicksilver (6) (quivered)
 z - a wand of iceblast (6)
 C - a wand of digging (9)
Scrolls
 f - 3 scrolls of amnesia
 j - a scroll of noise {unknown}
 l - 2 scrolls of vulnerability
 m - 2 scrolls of blinking {unknown}
 n - 3 scrolls of enchant weapon {unknown}
 p - a scroll of fog {unknown}
 q - 2 scrolls of teleportation {unknown}
 r - a scroll of silence {unknown}
 t - 3 scrolls of revelation
 v - 2 scrolls of torment {unknown}
 A - 3 scrolls of fear {unknown}
 B - a scroll of poison {unknown}
Potions
 b - 2 potions of magic
 g - 6 potions of curing
 k - 2 potions of attraction
 o - 5 potions of heal wounds
 s - 3 potions of cancellation
 u - 3 potions of might
 w - 2 potions of mutation
 x - a potion of lignification
 E - 2 potions of invisibility
 F - a potion of brilliance {unknown}
 G - a potion of resistance {unknown}
 H - a potion of haste {unknown}


   Skills:
 + Level 5.0 Fighting
 + Level 4.8 Dodging
 - Level 5.0 Stealth
 + Level 8.3 Spellcasting
 - Level 2.7 Conjurations
 * Level 10.1 Fire Magic
 * Level 8.5 Air Magic


You had 13 spell levels left.
You knew the following spells:

 Your Spells              Type           Power      Damage    Failure   Level
a - Foxfire               Conj/Fire      100%       2x1d9     1%          1
b - Scorch                Fire           100%       2d9       1%          2
c - Swiftness             Air            60%        N/A       1%          3
d - Airstrike             Air            30%        2d(5-21)  1%          4
e - Poisonous Vapours     Pois/Air       78%        N/A       1%          2

Your spell library contained the following spells:

 Spells                   Type           Power      Damage    Failure   Level
 Mephitic Cloud           Conj/Pois/Air  36%        N/A       1%          3
 Shock                    Conj/Air       100%       1d9       1%          1
 Dazzling Flash           Conj/Hex       42%        N/A       1%          3
 Inner Flame              Hex/Fire       44%        N/A       1%          3
 Volatile Blastmotes      Fire/Tloc      88%        2d17      1%          3
 Flame Wave               Conj/Fire      52%        2d13      1%          4
 Starburst                Conj/Fire      26%        6d8       11%         6
 Maxwell's Capacitive Co  Air            30%        ∞         86%         8


Dungeon Overview and Level Annotations

Branches:
Dungeon (8/15)             Temple (1/1) D:4         Ossuary (visited)
 Bailey (1/1)
   Lair: D:8-11

Altars:
Ashenzari
Cheibriados
Dithmenos
Elyvilon
Fedhas
Gozag
Hepliaklqana
Kikubaaqudgha
Makhleb
Nemelex Xobeh
Okawaru
Qazlal
Ru
Sif Muna
Trog
Uskayaw
Vehumet
Wu Jian
Xom
Yredelemnul
Zin
The Shining One

Shops:
D:8 *

Annotations:
D:4 2 transporters, bahustanut's ghost, amateur OgGl


Message History

The orc warlord hits you with a +7 battleaxe!
Aiming: Quicksilver Bolt
Press: ? - help, Q - select action, (/) - cycle Shift-Dir - straight line, f/p - orc warlord
Aim: an orc warlord, wielding a +7 battleaxe and wearing a +0 plate armour (almost dead, 83% to hit)
The bolt of dispelling energy hits the orc warlord.
The orc warlord is almost dead.
The orc warlord barely misses you.
Aiming: Quicksilver Bolt
Press: ? - help, Q - select action, (/) - cycle Shift-Dir - straight line, f/p - orc warlord
Aim: an orc warlord, wielding a +7 battleaxe and wearing a +0 plate armour (almost dead, 83% to hit)
The bolt of dispelling energy hits the orc warlord but does no damage.
The orc warlord is almost dead.
The orc warlord hits you with a +7 battleaxe.
Aiming: Quicksilver Bolt
Press: ? - help, Q - select action, (/) - cycle Shift-Dir - straight line, f/p - orc warlord
Aim: an orc warlord, wielding a +7 battleaxe and wearing a +0 plate armour (almost dead, 83% to hit)
The bolt of dispelling energy hits the orc warlord!
The orc warlord is almost dead.
The orc warlord hits you with a +7 battleaxe!
Aiming: Quicksilver Bolt
Press: ? - help, Q - select action, (/) - cycle Shift-Dir - straight line, f/p - orc warlord
Aim: an orc warlord, wielding a +7 battleaxe and wearing a +0 plate armour (almost dead, 83% to hit)
The bolt of dispelling energy hits the orc warlord but does no damage.
The orc warlord is almost dead.
The orc warlord hits you with a +7 battleaxe!!
* * * LOW HITPOINT WARNING * * *
Okay, then.
Casting: Airstrike (safe; 1% risk of failure)
Confirm with . or Enter, or press ? or * to list all spells.
You don't have enough magic to cast this spell.
Unknown command.
Casting: Airstrike (safe; 1% risk of failure)
Confirm with . or Enter, or press ? or * to list all spells.
Okay, then.
Casting: Airstrike (safe; 1% risk of failure)
Confirm with . or Enter, or press ? or * to list all spells.
You feel quick.
The orc warlord hits you with a +7 battleaxe!!
Ouch! That really hurt!
You die...

### ### ###.### ###.###
###.....### ###.....###
##.........###.........##
#..........)#)..........#
#.......@...)).)........#
#.....⌠o...)#.....⌠.....#
#...........#...........#
#...........#...........# ♣
###.).......###.........## ♣
###.#)#.....###.###.....#'#.
♣♣♣###...).###.###.....###.###...
..##.........###)........###.....
..#..))..)....#..........##8..)..


You could see an orc warlord.

Vanquished Creatures
  An orc knight (Bailey)
  2 steam dragons (D:8)
  3 water moccasins
  Duvessa (D:6)
  2 sky beasts
  13 orc warriors
  3 black bears (D:5)
  3 ice beasts
  2 ogres
  A centaur (D:5)
  3 phantoms
  3 kobold brigands
  A bullfrog (D:7)
  2 scorpions
  3 water moccasin zombies (Ossuary)
  A gnoll sergeant (D:6)
  Dowan (D:6)
  8 killer bees
  3 howler monkeys
  6 jellies
  2 hounds
  3 orc priests
  A gnoll bouda (D:6)
  5 iguanas
  8 orc wizards
  2 mummies (Ossuary)
  14 gnolls
  6 adders
  3 white imps
  4 adder zombies (Ossuary)
  5 worms
  3 dart slugs
  31 orcs
  17 endoplasms
  A giant cockroach (D:2)
  4 gnoll zombies (Ossuary)
  17 goblins
  12 hobgoblins
  6 jackals
  16 kobolds
  5 quokkas
  8 ball pythons
  4 bats
  2 frilled lizards
  3 hobgoblin zombies (Ossuary)
  5 kobold zombies (Ossuary)
  7 orc zombies (Ossuary)
  7 rats
263 creatures vanquished.

Vanquished Creatures (others)
  A human (D:3)
  984 foxfires
985 creatures vanquished.

Grand Total: 1248 creatures vanquished

Notes
Turn   | Place    | Note
-------+----------+-------------------------------------------
     0 | D:1      | LustLizard the Deep Elf Fire Elementalist began the quest
                  | for the Orb.
     0 | D:1      | Reached XP level 1. HP: 10/10 MP: 6/6
   264 | D:1      | Reached XP level 2. HP: 15/15 MP: 2/8
   562 | D:1      | Learned a level 2 spell: Scorch
  1416 | D:2      | Reached XP level 3. HP: 20/20 MP: 5/9
  1420 | D:2      | Learned a level 3 spell: Swiftness
  1883 | D:2      | Reached skill level 4 in Fire Magic
  2261 | D:3      | Found an ancient bone altar of Kikubaaqudgha.
  2418 | D:3      | Found a bloodstained altar of Trog.
  2521 | D:3      | Noticed a human
  2523 | D:3      | Killed a human
  2528 | D:3      | Reached XP level 4. HP: 24/24 MP: 8/11
  2724 | D:3      | Reached skill level 1 in Fighting
  2896 | D:3      | Reached skill level 1 in Air Magic
  3234 | D:3      | Found a faded altar of an unknown god.
  3378 | D:3      | Reached XP level 5. HP: 27/29 MP: 0/12
  3466 | D:4      | Found a sand-covered staircase.
  3649 | Ossuary  | Entered an ossuary
  4235 | Ossuary  | Reached XP level 6. HP: 34/34 MP: 8/14
  4294 | Ossuary  | Reached skill level 5 in Fire Magic
  4649 | D:4      | Found a transporter.
  4655 | D:4      | Learned a level 4 spell: Airstrike
  4655 | D:4      | Found a transporter.
  4655 | D:4      | Noticed bahustanut's ghost (amateur OgGl)
  4866 | D:4      | Reached XP level 7. HP: 39/39 MP: 2/15
  5137 | D:4      | Found a staircase to the Ecumenical Temple.
  5183 | Temple   | Entered the Ecumenical Temple
  5202 | Temple   | Became a worshipper of Vehumet
  5900 | D:5      | Entered Level 5 of the Dungeon
  5916 | D:5      | Reached skill level 5 in Spellcasting
  5916 | D:5      | Reached skill level 6 in Fire Magic
  5921 | D:5      | Reached skill level 5 in Stealth
  6079 | D:5      | Reached XP level 8. HP: 28/45 MP: 5/17
  6558 | D:5      | Reached skill level 5 in Air Magic
  6561 | D:5      | Reached skill level 7 in Fire Magic
  6967 | D:5      | Reached * piety under Vehumet
  6967 | D:5      | Offered knowledge of Freeze by Vehumet.
  7151 | D:5      | Reached XP level 9. HP: 51/51 MP: 15/20
  7620 | D:6      | Found a white marble altar of Elyvilon.
  7713 | D:6      | Reached skill level 8 in Fire Magic
  8390 | D:6      | Found a stormy altar of Qazlal.
  8454 | D:6      | Noticed Dowan
  8456 | D:6      | Noticed Duvessa
  8469 | D:6      | Killed Duvessa
  8787 | D:6      | Killed Dowan
  9170 | D:7      | Reached ** piety under Vehumet
  9170 | D:7      | Offered knowledge of Poisonous Vapours by Vehumet.
  9183 | D:7      | Learned a level 2 spell: Poisonous Vapours
  9678 | D:7      | Reached skill level 9 in Fire Magic
 10077 | D:7      | Found a sparkling altar of Nemelex Xobeh.
 10495 | D:7      | Found a glowing golden altar of the Shining One.
 10823 | D:8      | Found a broken altar of Ashenzari.
 10860 | D:8      | Found a hide-covered altar of Uskayaw.
 10874 | D:8      | Reached XP level 10. HP: 46/58 MP: 12/23
 11019 | D:8      | Found a flagged portal.
 11068 | D:8      | Found an opulent altar of Gozag.
 11071 | D:8      | Found Gozag's Platinum Reserve.
 11115 | Bailey   | Entered a bailey
 11132 | Bailey   | Offered knowledge of Momentum Strike by Vehumet.
 11277 | Bailey   | Reached *** piety under Vehumet
 11835 | Bailey   | Noticed an orc warlord
 12029 | Bailey   | Offered knowledge of Mephitic Cloud by Vehumet.
 12030 | Bailey   | Reached skill level 10 in Fire Magic
 12140 | Bailey   | Noticed an orc knight
 12144 | Bailey   | Killed an orc knight
 12145 | Bailey   | Reached skill level 5 in Fighting
 12159 | Bailey   | Acquired the ring of Descent {rPois Int+4 SInv}
 12274 | Bailey   | Annihilated by an orc warlord

Illustrated notes

Levels and vault maps discovered:
D:1:      dpeg_arrival_rhombi, layout_basic
D:2:      layout_rooms, palyth_stone_intersect
D:3:      layout_rooms, mainiacjoe_overflow_six_doors_small, tgw_kikubaaqudgha,
          hellmonk_ecumenical_altar_leap_of_faith, nicolae_wormholes
D:4:      cheibrodos_fertilizer, layout_loops_ring,
          minmay_temple_entry_glassed_door, nicolae_ossuary_entry_ruins,
          gammafunk_ghost_smash, glass_columns_a
D:5:      wad_river_or_something, layout_basic, grunt_decor_one_mirror
D:6:      layout_gridville, nicolae_qazlal_eye_of_the_storm,
          lemuel_doored_altar, minmay_manual_macuahuitl, uniq_duvessa
D:7:      nicolae_cairo_tiling_very_big, layout_basic,
          nemelex_dance_club_becter, mainiacjoe_overflow_alcove_2,
          amcnicky_mini_pool_medium
D:8:      layout_layer_cave, eat_drink_and_be_merry_uskayaw,
          nicolae_gozag_zags_fifth_avenue, kennysheep_mini_moat, enter_bailey_4,
          minmay_starry_boxes
Temple:   hellmonk_temple_forest_ring
Bailey:   bailey_axe_minmay_hex_keep, bailey

Skill      XL: |  1  2  3  4  5  6  7  8  9 10 |
---------------+-------------------------------+-----
Stealth        | 3 4 5 |  5.0
Fire Magic     | 4 5 6 7 9 10 | 10.1
Fighting       | 1 2 3 4 5 |  5.0
Air Magic      | 1 2 3 4 6 7 8 |  8.5
Conjurations   | 2 |  2.7
Spellcasting   | 4 5 6 7 8 |  8.3
Dodging        | 3 4 |  4.8

Action                     |  1- 3 |  4- 6 |  7- 9 | 10-12 || total
---------------------------+-------+-------+-------+-------++-------
  Melee: Short sword       |       |    12 |     6 |     1 ||    19
   Cast: Foxfire           |   107 |   148 |   251 |    99 ||   605
         Scorch            |     3 |    36 |    74 |    10 ||   123
         Swiftness         |       |       |     1 |     3 ||     4
         Airstrike         |       |       |     5 |    28 ||    33
         Poisonous Vapours |       |       |     5 |       ||     5
  Evoke: Wand              |       |       |       |     6 ||     6
    Use: Scroll            |       |       |    11 |     1 ||    12
         Potion            |       |       |     4 |       ||     4
 Armour: Robe              |     2 |    20 |    54 |    21 ||    97
  Dodge: Dodged            |     1 |    30 |    43 |    21 ||    95

Table legend: (Time is in decaauts)
 A = Elapsed time spent in this place.
 B = Non-inter-level travel time spent in this place.
 C = Inter-level travel time spent in this place.
 D = Time resting spent in this place.
 E = Time spent auto-exploring this place.
 F = Levels seen in this place.
 G = Mean time per level.
                   A        B        C        D        E       F      G
               +--------+--------+--------+--------+--------+-----+--------+
         Total |  12259 |  11862 |    397 |    819 |   9102 |  11 | 1114.5 |
       Dungeon |  10237 |   9875 |    362 |    721 |   7688 |   8 | 1279.6 |
        Temple |     37 |      2 |     35 |      0 |      0 |   1 |   37.0 |
       Ossuary |    843 |    843 |      0 |      2 |    710 |   1 |  843.0 |
        Bailey |   1140 |   1140 |      0 |     96 |    704 |   1 | 1140.0 |
               +--------+--------+--------+--------+--------+-----+--------+

Top non-repeatable levels by time:
     D:7: 1978 daAuts
     D:5: 1670 daAuts
     D:4: 1639 daAuts
     D:1: 1289 daAuts
     D:6: 1270 daAuts
  Bailey: 1140 daAuts
     D:3: 1122 daAuts
     D:2: 966 daAuts
 Ossuary: 843 daAuts
     D:8: 301 daAuts
  Temple: 37 daAuts
